[Event "8th Fischer Heraklion-GM 2022"]
[Site "Heraklion"]
[Date "2022.05.02"]
[Round "7.1"]
[White "Materia, Marco"]
[Black "Korneev, Oleg"]
[Result "1-0"]
[ECO "D52"]
[WhiteElo "2398"]
[BlackElo "2521"]
[Annotator "TA"]
[PlyCount "81"]
[EventDate "2022.04.18"]
[EventType "tourn"]
[EventCountry "GRE"]
[SourceTitle "playchess.com"]
[Source "ChessBase"]
[SourceQuality "1"]
[TimeControl "40/5400+30:1800+30"]

1. d4 d5 2. c4 c6 3. Nf3 Nf6 4. Nc3 e6 5. Bg5 Nbd7 6. e3 Qa5 7. cxd5 Nxd5 8. Rc1 $1 {[%emt 0:00:07][%mdl 4] is recently more successful than 8.Qd2. D52: Queen's Gambit Declined: Cambridge Springs Variation.} b6 9. Bd3 {[%emt 0:11:51] Black should prevent 0-0.} h6 10. Bh4 {[%emt 0:01:29] White has an edge.} Nxc3 $1 11. bxc3 Ba6 12. O-O Bxd3 13. Qxd3 Ba3 14. Rb1 O-O 15. c4 {[%emt 0:06:35] [#]} Rfb8 $146 ({Predecessor:} 15... Bd6 16. Qc2 Qh5 17. Rfd1 Rac8 18. c5 Bb8 19. cxb6 axb6 20. e4 Rfe8 {½-½ (47) Indjic,A (2620)-Dreev,A (2670) St Petersburg 2018}) 16. Rfd1 Bf8 17. e4 {[%emt 0:08:26] White is more active.} (17. Qc2 $14) 17... Re8 $11 18. e5 Rac8 19. Qe2 Qa6 20. Qc2 c5 21. d5 exd5 22. Qf5 Qb7 23. cxd5 c4 24. e6 (24. Bg3 $11) 24... Nc5 $15 25. Re1 (25. e7 $15 Bxe7 26. d6) 25... fxe6 $19 26. dxe6 {[%emt 0:00:07] [#]} Be7 $2 ({Better is} 26... Nxe6 $1 $19 {[%mdl 512] And now ...Qf7 would win.} 27. Rbc1 {[#]} (27. Rxe6 Qd7 $17) (27. Bg3 Nc5) 27... Ba3 $1) 27. Bxe7 Qxe7 28. Nd4 Qf6 29. Qxf6 gxf6 30. Nf5 $36 {[%emt 0:01:08][%mdl 2048] White is pushing.} Rc6 {[%emt 0:00:07] Against Nd6} (30... Nxe6 31. Nd6 Ng7 32. Rxe8+ (32. Nxc8 Rxc8 33. Re7 a5 $18) (32. Nxe8 Nxe8 33. Re7 Nc7 $16) 32... Rxe8 33. Nxe8 Nxe8 34. Rd1 $18) 31. e7 ({But not} 31. Nxh6+ Kf8 32. e7+ Rxe7 33. Rxe7 Kxe7 $11) 31... Kf7 32. g4 Kg6 33. Rbd1 {[%emt 0:00:47] Hoping for Rd8.} Nd3 $1 34. Re4 c3 {[%emt 0:02:26] Threatens to win with ...c2.} 35. Rxd3 c2 36. Re1 {[%emt 0:00:00] aiming for Rc1.} ({Worse is} 36. Nh4+ Kf7 37. Re1 c1=Q 38. Rxc1 Rxc1+ 39. Kg2 Rxe7 $17) 36... c1=Q 37. Rxc1 Rxc1+ 38. Kg2 {[%emt 0:00:01] Strongly threatening Re3.} Rc7 $2 (38... Re1 $1 $11 {and Black is okay.}) 39. Rh3 $18 Kf7 40. Rxh6 Rg8 (40... Rcc8 $142 41. Nd6+ Kxe7) 41. Rh7+ {[%emt 0:01:42] Never resign too early!  Weighted Error Value: White=0.13 (very precise) /Black=0.31} 1-0

[Event "8th Fischer Heraklion-GM 2022"]
[Site "Heraklion"]
[Date "2022.05.02"]
[Round "7.2"]
[White "Kapnisis, Spyridon"]
[Black "Nikolaidis, Ioannis"]
[Result "1/2-1/2"]
[ECO "C92"]
[WhiteElo "2450"]
[BlackElo "2536"]
[Annotator "TA"]
[PlyCount "24"]
[EventDate "2022.04.18"]
[EventType "tourn"]
[EventCountry "GRE"]
[SourceTitle "playchess.com"]
[Source "ChessBase"]
[SourceQuality "1"]
[TimeControl "40/5400+30:1800+30"]

1. e4 e5 2. Nf3 Nc6 3. Bb5 a6 4. Ba4 Nf6 5. O-O Be7 6. Re1 b5 7. Bb3 d6 8. c3 O-O 9. h3 Bb7 10. d4 Re8 {[%emt 0:00:06] [#]} 11. Ng5 $146 ({Predecessor:} 11. Nbd2 Bf8 12. a4 h6 13. Bc2 Nb8 14. Bd3 Nbd7 15. axb5 exd4 16. cxd4 axb5 17. Rxa8 Qxa8 18. Bxb5 Bxe4 19. Nxe4 Rxe4 20. Be3 Nb6 21. Qc2 Re7 22. Bc6 {½-½ (50) So,W (2778)-Predke,A (2682) Berlin 2022}) 11... Rf8 12. Nf3 Re8 1/2-1/2

[Event "8th Fischer Heraklion-GM 2022"]
[Site "Heraklion"]
[Date "2022.05.02"]
[Round "7.3"]
[White "Vaishali R"]
[Black "Szwed, Jacek"]
[Result "1-0"]
[ECO "C16"]
[WhiteElo "2411"]
[BlackElo "2360"]
[Annotator "TA"]
[PlyCount "67"]
[EventDate "2022.04.18"]
[EventType "tourn"]
[EventCountry "GRE"]
[SourceTitle "playchess.com"]
[Source "ChessBase"]
[SourceQuality "1"]
[TimeControl "40/5400+30:1800+30"]

1. e4 e6 2. d4 d5 3. Nc3 Bb4 4. e5 Ne7 5. a3 Bxc3+ 6. bxc3 b6 7. Qg4 Ng6 8. h4 h5 9. Qg3 Ba6 10. Bxa6 Nxa6 11. Ne2 {[%emt 0:00:06] C16: French: 3 Nc3 Bb4 4 e5: Lines without ...c5.} c5 12. Nf4 (12. Bg5 $5 Qd7 13. a4 $11) 12... Nxf4 13. Bxf4 {[%emt 0:00:06] The position is equal.} Kf8 14. Bg5 Qd7 15. a4 {[%emt 0:02:16] [#]} cxd4 $146 ({Predecessor:} 15... Kg8 16. O-O Rc8 17. Qd3 Nb8 18. a5 b5 19. f4 cxd4 20. cxd4 {½-½ (20) Sobirey,M-Nuechter,C GER email 2009}) 16. cxd4 Rc8 17. O-O Rc4 18. c3 (18. a5 $5 b5 19. c3 $11) 18... Nb8 19. f4 Nc6 ({Weaker is} 19... Rxa4 20. Rxa4 Qxa4 21. f5 $16) 20. Rf3 {[%emt 0:09:19] White is more active.} ({White should play} 20. f5 $14) 20... Ke8 (20... Na5 $11) 21. Re1 {[%emt 0:11:50][%cal Of4f5] Threatens to win with f5!} g6 (21... Rxa4 22. f5 Ra2 23. Be3 $18) 22. f5 exf5 {[%emt 0:15:43][%mdl 8192] [#] Black cannot hold the game after this.} (22... gxf5 $11 23. Bf6 Rf8) 23. e6 $1 $18 {[%emt 0:00:35] White is clearly winning.} fxe6 24. Rfe3 Kf7 25. Rxe6 {[%emt 0:00:31][%mdl 64] Deflection} Qxe6 26. Rxe6 Kxe6 {[%emt 0:00:01] [#]} 27. Qc7 $1 Re8 28. Qg7 Rxc3 29. Qxg6+ Kd7 30. Qxf5+ Re6 31. Qxd5+ Rd6 32. Qf5+ Kc7 33. Bf4 Nxd4 34. Qe5 {[%emt 0:00:36] Weighted Error Value: White=0.20 (precise) /Black=0.28 (precise)} 1-0

[Event "8th Fischer Heraklion-GM 2022"]
[Site "Heraklion"]
[Date "2022.05.02"]
[Round "7.4"]
[White "Samaridis, Konstantinos"]
[Black "Mitsis, Georgios"]
[Result "0-1"]
[ECO "C96"]
[WhiteElo "2064"]
[BlackElo "2344"]
[Annotator "TA"]
[PlyCount "70"]
[EventDate "2022.04.18"]
[EventType "tourn"]
[EventCountry "GRE"]
[SourceTitle "playchess.com"]
[Source "ChessBase"]
[SourceQuality "1"]
[TimeControl "40/5400+30:1800+30"]

1. e4 e5 2. Nf3 Nc6 3. Bb5 a6 4. Ba4 Nf6 5. O-O Be7 6. Re1 b5 7. Bb3 d6 8. c3 O-O 9. h3 Na5 10. Bc2 c5 11. d4 Nd7 12. Nbd2 exd4 13. cxd4 Nc6 14. d5 Nce5 15. Nxe5 {[%emt 0:00:08] C96: Closed Ruy Lopez: Chigorin Defence: 11 d4, replies other than 11...Qc7.} Nxe5 16. a4 Bb7 17. axb5 {[%emt 0:00:58] White has an edge.} axb5 18. Rxa8 Qxa8 19. f4 Ng6 20. Nf3 {[%emt 0:00:07] [#]} Bf6 $146 ({Predecessor:} 20... Re8 21. f5 Ne5 22. Nxe5 dxe5 23. Qe2 c4 24. Rd1 Bc5+ 25. Be3 Qa7 26. Bxc5 Qxc5+ {½-½ (47) Spierenburg,P (2063)-Glaser,K (2257) ICCF email 2009}) 21. e5 Be7 22. Be4 f5 23. exf6 $1 Bxf6 24. f5 Ne7 25. Bg5 Bxd5 ({But not} 25... Nxd5 26. Bxf6 Rxf6 27. Ng5 $11) 26. Bxf6 Rxf6 27. Ng5 h6 28. Qh5 {[%emt 0:02:26] This costs White the game.} hxg5 $19 29. Bxd5+ Qxd5 30. Rxe7 Qxf5 {[%emt 0:02:17] KQR-KQR} 31. Qe8+ {[%emt 0:00:31] [#]} Kh7 $1 {[%emt 0:04:12] aiming for ...g4.} ({Weaker is} 31... Rf8 32. Qxb5 Qf2+ 33. Kh1 $17) 32. Qxb5 (32. Qh5+ {was the only defense.} Rh6 33. Qd1) 32... g4 {[%emt 0:03:07] ( -> ...Qf2+)} 33. Qe2 {[%emt 0:21:11] Inhibits Qf2+.} gxh3 {[%emt 0:03:03] ...Rg6 is the strong threat.} 34. g3 (34. Qe4 {is a better defense.}) 34... Qf3 35. Qc2+ {[%emt 0:01:13] [#]} (35. Qxf3 $19 Rxf3 36. Kh2) 35... Rg6 {[%emt 0:00:46] Weighted Error Value: White=0.59/Black=0.01 (flawless)} 0-1

[Event "8th Fischer Heraklion-GM 2022"]
[Site "Heraklion"]
[Date "2022.05.02"]
[Round "7.5"]
[White "Jahncke, Giso"]
[Black "Milikow, Yoav"]
[Result "0-1"]
[ECO "E04"]
[WhiteElo "2326"]
[BlackElo "2383"]
[Annotator "TA"]
[PlyCount "98"]
[EventDate "2022.04.18"]
[EventType "tourn"]
[EventCountry "GRE"]
[SourceTitle "playchess.com"]
[Source "ChessBase"]
[SourceQuality "1"]
[TimeControl "40/5400+30:1800+30"]

1. d4 Nf6 2. c4 e6 3. g3 d5 4. Bg2 Bb4+ 5. Nd2 O-O 6. Ngf3 dxc4 7. Qc2 (7. a3 $142 Bxd2+ 8. Bxd2) 7... a5 $11 {[%emt 0:00:28] E04: Open Catalan: 5 Nf3.} 8. a3 {[%emt 0:00:06] 8.a3 scores better than 8.0-0.} Bxd2+ 9. Bxd2 b5 {[%emt 0:00:30] The position is equal.} 10. a4 c6 11. h4 Bb7 12. h5 h6 {[%emt 0:00:11] [#]} 13. Rh4 $146 ({Predecessor:} 13. g4 Nxg4 14. Rg1 f5 15. Bh3 c5 16. Bxg4 Be4 17. Qc3 fxg4 18. Rxg4 Bxf3 19. exf3 cxd4 20. Rxd4 {1-0 (41) Prohaszka,P (2610)-Gavrilescu,D (2451) Batumi 2019}) 13... Nbd7 14. Ne5 {[%emt 0:00:20] And now axb5 would win.} Nxe5 (14... Qc7 $11) 15. dxe5 $16 Nd7 {[%emt 0:03:07] [#]} (15... Nd5 16. Rg4 Kh8 17. Bxh6 $1 $14) (15... Nh7 $16 {is a better defense.}) 16. axb5 (16. Bxh6 $1 $18 {Threatens to win with Rg4.} Nxe5 17. Bf4) 16... Qb6 {[%emt 0:02:58] [#]} (16... Nxe5 $16 17. Rd1 Qc7) 17. bxc6 $2 ({And not} 17. Rxc4 cxb5 18. Be3 Qd8 19. Bxb7 bxc4 $11) (17. Bxh6 $1 $18 Nxe5 18. Be3 Qxb5 19. h6) 17... Bxc6 $11 18. Bxc6 Qxc6 19. Qe4 {[%emt 0:04:15] Against Qg2} Qb5 20. Bc3 Nb6 21. Kf1 Rfd8 22. Kg2 a4 23. Rg4 Kh8 24. Qf3 Rd7 25. Bd4 {[%emt 0:12:03] Hoping for Bxb6.} Nd5 26. Ra3 Rad8 27. Qe4 Nf4+ 28. Qxf4 Rxd4 29. e4 $2 (29. Qf3 $11) 29... c3 30. Qxf7 R4d7 {[%emt 0:00:21] Active counter play!} 31. Qxe6 cxb2 32. Rxg7 {[%emt 0:03:00] [#]} Qf1+ $3 33. Kxf1 $19 b1=Q+ 34. Kg2 Qxe4+ ({Weaker is} 34... Rxg7 35. Qxh6+ Kg8 36. Qe6+ Kh7 37. Qf5+ Kg8 38. Qe6+ Kh8 39. Qh6+ Kg8 40. Qe6+ $11) 35. Rf3 Rxg7 ({Inferior is} 35... Kxg7 36. Qf6+ Kg8 37. e6 $11) 36. Qxh6+ Kg8 37. Qe6+ Kh7 {[%emt 0:00:20] ( -> ...Rf8)} 38. h6 {[%emt 0:02:22] [#]} Rf8 $1 {[%emt 0:01:17] Black mates.} 39. hxg7 Qxf3+ 40. Kh3 Qh5+ 41. Kg2 Kxg7 42. Qd7+ Rf7 43. Qxa4 Qf3+ 44. Kh3 Qxf2 45. e6 Qf5+ 46. Kh2 Qxe6 47. Qd4+ Kh7 48. Kg2 Qe2+ 49. Kh3 Qf1+ {[%emt 0:00:08] Quite a comeback for Black.  Weighted Error Value: White=1.21/Black=0.34} 0-1

[Event "8th Fischer Heraklion-GM 2022"]
[Site "Heraklion"]
[Date "2022.05.03"]
[Round "8.1"]
[White "Korneev, Oleg"]
[Black "Milikow, Yoav"]
[Result "0-1"]
[ECO "D02"]
[WhiteElo "2521"]
[BlackElo "2383"]
[Annotator "TA"]
[PlyCount "81"]
[EventDate "2022.04.18"]
[EventType "tourn"]
[EventCountry "GRE"]
[SourceTitle "playchess.com"]
[Source "ChessBase"]
[SourceQuality "1"]
[TimeControl "40/5400+30:1800+30"]

1. d4 Nf6 2. Nf3 d5 3. Bf4 e6 4. e3 c5 5. c3 Nc6 6. Nbd2 cxd4 $1 {[%emt 0:00:20][%mdl 4] outshines the older 6...Bd6.} 7. exd4 {[%emt 0:00:38] D02: 1 d4 d5 2 Nf3 sidelines, including 2...Nf6 3 g3 and 2...Nf6 3 Bf4.} (7. Nxd4 Bd6 $11) 7... Nh5 8. Bg5 f6 9. Be3 Bd6 10. g3 g6 11. Bg2 {[%emt 0:03:47] [#]} f5 $146 (11... Ng7 $11 {remains equal.}) ({Predecessor:} 11... Ng7 12. O-O Nf5 13. Re1 Kf7 14. c4 Nce7 15. Qb3 Qb6 16. Qd3 Qd8 17. Nb3 b6 18. cxd5 Nxd5 {1-0 (67) Sumets,A (2577)-Mesaros,F (2432) Aschach 2018}) 12. Bh6 $16 Nf6 13. O-O Qc7 14. Nb3 Ne4 ({Black should try} 14... Ng4 15. Qd2 Nxh6 16. Qxh6 Bd7) 15. Ng5 ({Better is} 15. c4) 15... Nxg5 16. Bxg5 h6 17. Bd2 b6 (17... g5 $16) 18. Re1 Kf7 (18... Ne7 $16 19. Nc1 Kf7) 19. c4 $1 $18 dxc4 {[%emt 0:00:29] [#]} 20. d5 $1 cxb3 (20... e5 21. dxc6) 21. dxc6 e5 (21... bxa2 $16 {was called for.} 22. Qb3 (22. Rxa2 e5 $16) 22... g5) 22. Bd5+ Be6 23. Bxe6+ Kxe6 24. Qxb3+ Kf6 25. Rac1 g5 {[%emt 0:02:19] Against f4} 26. Bb4 (26. f4 $142 {Black must now prevent fxe5+.} Rhe8 27. fxe5+ Bxe5 28. Bc3 Bxc3 29. Qxc3+ Kg6 30. b4) 26... Rhd8 (26... Bxb4 $16 27. Qxb4 Rhd8) 27. Red1 (27. f4 $1 $18 {is the precise move to win.} e4 28. fxg5+ hxg5 29. Bxd6 Rxd6 30. Qc3+ Kg6 31. g4 fxg4 32. Qe5 (32. Rxe4 Rad8 $16)) 27... Rac8 28. a4 Bxb4 29. Qxb4 a5 {[%emt 0:00:34] [#]} (29... Rxd1+ $2 30. Rxd1 Rd8 31. Rxd8 Qxd8 32. Qc3 $18) 30. Qb3 Rd4 31. Qf3 Qd6 32. Qh5 (32. g4 $14 Kg7 33. Rxd4 exd4 34. gxf5) 32... Kg7 33. h4 Qf6 {[%emt 0:03:30] [#]} (33... Rxc6 $14 34. hxg5 Qg6 35. gxh6+ Kh7) 34. hxg5 $1 $16 hxg5 35. Rxd4 ({Only move:} 35. c7 $16) 35... exd4 {[%emt 0:00:02][%mdl 4096] Endgame KQR-KQR} 36. Qf3 (36. c7 {is more complex.} d3 37. Qf3 d2 38. Rc2) 36... Qe5 {[%emt 0:01:22] Against Qd5. The position is equal.} 37. Qb3 Rh8 {[%emt 0:03:23] Hoping for ...Qe4.} 38. Qf3 ({Wrong is} 38. Qxb6 $2 Qd5 39. Qc7+ Kg6 $19) 38... g4 39. Qf4 Qd5 40. f3 $1 {[%emt 0:00:59] c7 is the strong threat.} gxf3 {[%emt 0:00:22][%cal Of3f2] ( -> ...f2+!). Dancing on a razor blade.} 41. Qc7+ $2 {[%emt 0:08:09][%mdl 8192] Black used his chance.  Weighted Error Value: White=0.20 (precise) /Black=0.23 (precise)} (41. Kf2 $11 Qe4 42. Qxe4 fxe4 43. c7) 0-1

[Event "8th Fischer Heraklion-GM 2022"]
[Site "Heraklion"]
[Date "2022.05.03"]
[Round "8.2"]
[White "Mitsis, Georgios"]
[Black "Jahncke, Giso"]
[Result "1/2-1/2"]
[ECO "E92"]
[WhiteElo "2344"]
[BlackElo "2326"]
[Annotator "TA"]
[PlyCount "100"]
[EventDate "2022.04.18"]
[EventType "tourn"]
[EventCountry "GRE"]
[SourceTitle "playchess.com"]
[Source "ChessBase"]
[SourceQuality "1"]
[TimeControl "40/5400+30:1800+30"]

1. d4 Nf6 2. c4 g6 3. Nc3 Bg7 4. e4 d6 5. Nf3 O-O 6. Be2 e5 7. d5 a5 8. Bg5 h6 9. Bh4 Na6 10. Nd2 Bd7 11. b3 {[%emt 0:11:30] [#] E92: King's Indian: Classical: 6 Be2 e5: 7 dxe5, 7 Be3 and Petrosian System without 7...Nbd7.} Nxe4 $146 ({Predecessor:} 11... Qe8 12. a3 Nh7 13. O-O f5 14. f3 h5 15. Rb1 Bh6 16. Bf2 Kh8 17. b4 axb4 18. axb4 g5 19. c5 f4 20. c6 Bc8 21. b5 Nc5 22. Bxc5 dxc5 {1-0 (29) Yavorovsky,V (2333)-Budrewicz,K (2289) Chess.com INT 2021}) 12. Bxd8 $14 Nxc3 13. Qc1 {[%emt 0:02:33] White is slightly better.} (13. Qc2 $5 Nxe2 14. Kxe2 Raxd8 15. f3 $16) 13... Nxe2 14. Kxe2 Raxd8 15. Re1 Nc5 {[%emt 0:07:55][%cal Ba6c5,Bc5d3,Bd3e1][%mdl 32] Inhibits Ne4.} 16. Kf1 Nd3 17. Qc2 Nxe1 18. Rxe1 b6 19. Re2 f5 20. Nb1 g5 21. Nc3 Be8 22. Nb5 Rd7 23. a3 Bh5 24. Re1 Kh7 25. b4 axb4 26. axb4 Bg6 27. Ra1 f4 28. Qd1 f3 29. g3 {[%emt 0:02:30] Prevents Rf4.} Re7 30. Ra3 g4 31. Na7 $2 (31. Qe1 $11 {and White is okay.}) 31... h5 (31... e4 $19 32. Nc6 e3 33. fxe3 Re4) 32. Nc6 $17 Ree8 33. b5 Bh6 {[%emt 0:05:31] And now ...e4 would win.} 34. Nb4 e4 35. Nc2 {[%emt 0:00:17] Inhibits e3.} e3 $1 36. Nxe3 Bxe3 ({Black should play} 36... Re7 $15) 37. Rxe3 $4 (37. fxe3 $11 f2 38. Ra2) 37... Rxe3 $19 38. fxe3 $15 {[%emt 0:00:06][%mdl 4096] Endgame [#] KQ-KRB} Ra8 $2 (38... f2 $1 $19 39. Qe2 Be4) 39. Qd4 {[%emt 0:04:30] Inhibits Be4.} Ra2 {[%emt 0:00:37] ...h4 is the strong threat.} 40. e4 Re2 41. Qf6 {[%emt 0:08:13] aiming for Qe7+.} Rxe4 42. h3 gxh3 43. Qxf3 Rxc4 {[%emt 0:07:04] ( -> ...h2)} 44. Kg1 Rc2 45. Qe3 h2+ 46. Kh1 Kg8 47. Qe6+ Bf7 48. Qf5 Re2 {[%emt 0:00:48] [#]} (48... Rc5 $11 {remains equal.}) 49. Qc8+ (49. g4 $1 $16 ) 49... Kg7 $11 ({Don't play} 49... Re8 50. Qxc7 Re2 51. Qc4 $16 (51. Qxd6 Rd2 $11)) 50. Qg4+ hxg4 {[%emt 0:01:34] Weighted Error Value: White=0.33/Black=0.22 (precise)} 1/2-1/2

[Event "8th Fischer Heraklion-GM 2022"]
[Site "Heraklion"]
[Date "2022.05.03"]
[Round "8.3"]
[White "Szwed, Jacek"]
[Black "Samaridis, Konstantinos"]
[Result "1-0"]
[ECO "C45"]
[WhiteElo "2360"]
[BlackElo "2064"]
[Annotator "TA"]
[PlyCount "69"]
[EventDate "2022.04.18"]
[EventType "tourn"]
[EventCountry "GRE"]
[SourceTitle "playchess.com"]
[Source "ChessBase"]
[SourceQuality "1"]
[TimeControl "40/5400+30:1800+30"]

1. e4 e5 2. Nf3 Nc6 3. d4 exd4 4. Nxd4 Nf6 5. Nxc6 bxc6 6. Qe2 {[%emt 0:00:05] C45: Scotch Game.} Rb8 7. e5 Nd5 {[%emt 0:00:05] [#]} 8. g3 $146 {[%emt 0:15:24] The position is equal.} ({Predecessor:} 8. c4 Bb4+ 9. Nd2 Nf4 10. Qe3 Ng6 11. a3 Be7 12. Nf3 c5 13. h4 Rb6 14. h5 {0-1 (50) De la Riva Aguado,O (2503)-So,W (2782) Baku 2016}) 8... Bc5 9. c4 Ba6 (9... Nb6 $11) 10. Bg2 ({White should play} 10. Qg4 $1 $14 Ne7 11. Qxg7) 10... O-O 11. O-O Re8 12. Rd1 (12. Qc2 $11) 12... Qc8 (12... d6 $1 $17 13. Qc2 Rxe5 14. cxd5 Re2) 13. b3 (13. Qc2 $5 Nb6 14. b3 $14 (14. Be4 Rxe5 15. Nd2 d6 $15)) 13... Nb6 (13... d6 $11) 14. Bh3 Qb7 ({Black should try} 14... Qd8 $14) 15. Qg4 (15. Bxd7 $6 Nxd7 16. Rxd7 Qc8 $11) (15. Nc3 $1 $18) 15... Rxe5 $11 16. Bb2 {[%emt 0:01:43] [#]} (16. Nd2 $14 {keeps the upper hand.} f5 17. Qg5) 16... f5 $2 17. Qg5 $18 Be7 18. Qf4 $40 {[%emt 0:00:01][%mdl 128] White is out for blood.} Re2 {[%emt 0:00:31] [#]} (18... Re4 {is a better defense.} 19. Qxf5 Re6) 19. Bxg7 $1 Kxg7 20. Bxf5 {[%emt 0:00:01] Black must now prevent Qg4+.} Re6 (20... Bf6 $2 21. Qg4+ Kh8 22. Qxe2 $18) 21. Bxe6 dxe6 22. Qg4+ Kf7 (22... Kh8 $142 23. Qd4+ (23. Qxe6 Bf8 $16) 23... Kg8) 23. Qh5+ ({Weaker is} 23. Re1 Qc8 24. Nd2 Bf6 $18) 23... Kg7 24. Nc3 {[%emt 0:01:17][%cal Bb1c3,Bc3e4,Be4f6][%mdl 32] Rd4 is the strong threat.} c5 {[%emt 0:00:22] Against Rd4} 25. Qg4+ Kf7 $2 (25... Kh8 26. Qxe6 Bf8) 26. Rd3 Qc6 27. Rf3+ Bf6 28. Ne4 Nd7 29. Qh5+ (29. Rd1 $142 Rf8 30. Rxd7+ $1 Qxd7 31. Rxf6+ Ke8 32. Qh5+ Rf7 33. Nxc5) 29... Ke7 30. Qxh7+ Kd8 {[%emt 0:00:10] [#]} 31. Qg8+ $2 (31. Nxf6 $1 $18 {Qh8+ would kill now.} Nf8 32. Rd3+ Kc8 33. Qe7) 31... Ke7 $11 32. Qh7+ (32. Qg6 $11 Rf8 33. Rxf6 Nxf6 34. Ng5 (34. Qg7+ $2 Rf7 $19)) 32... Kd8 $18 {[%emt 0:00:03] [#]} 33. Nxf6 $1 Ne5 (33... Nf8 34. Rd3+) 34. Re3 (34. Qh8+ $142 Ke7 35. Qg7+ Kd6 36. Rd1+ Qd5 37. Ne4+ Kc6 38. cxd5+ Kb6 39. Qxe5) 34... Bb7 35. Rd1+ {[%emt 0:00:16] Weighted Error Value: White=0.61/Black=1.04} 1-0

[Event "8th Fischer Heraklion-GM 2022"]
[Site "Heraklion"]
[Date "2022.05.03"]
[Round "8.4"]
[White "Nikolaidis, Ioannis"]
[Black "Vaishali R"]
[Result "1/2-1/2"]
[ECO "D02"]
[WhiteElo "2536"]
[BlackElo "2411"]
[Annotator "TA"]
[PlyCount "38"]
[EventDate "2022.04.18"]
[EventType "tourn"]
[EventCountry "GRE"]
[SourceTitle "playchess.com"]
[Source "ChessBase"]
[SourceQuality "1"]
[TimeControl "40/5400+30:1800+30"]

1. d4 Nf6 2. Nf3 g6 3. Nbd2 d5 4. e3 a5 5. c4 c6 6. Be2 {[%emt 0:01:54] D02: 1 d4 d5 2 Nf3 sidelines, including 2...Nf6 3 g3 and 2...Nf6 3 Bf4.} Bg7 7. b3 O-O {[%emt 0:00:48] [#]} 8. O-O $146 {[%emt 0:00:04] White is slightly better.} ({Predecessor:} 8. Bb2 Nbd7 9. O-O b6 10. Re1 Bb7 11. Bf1 e6 12. Qc2 Qe7 13. Rad1 a4 14. Bc3 axb3 15. axb3 {½-½ (41) Valsecchi,A (2429)-Stefanova,A (2531) Plovdiv 2012}) 8... a4 9. b4 Nbd7 10. Ba3 Re8 11. b5 e5 12. bxc6 (12. dxe5 {with more complications.} Nxe5 13. Nxe5 Rxe5 14. Nf3) 12... bxc6 13. Nxe5 Nxe5 14. dxe5 Rxe5 15. Bb2 Re8 16. a3 Ba6 {[%emt 0:10:13] The position is equal.} 17. cxd5 Qxd5 {[%emt 0:06:44] ...Ne4 is the strong threat.} 18. Bxa6 Rxa6 19. Qc2 c5 {[%emt 0:08:58] Weighted Error Value: White=0.10 (very precise) /Black=0.08 (flawless)} (19... Ne4 $11 20. Bxg7 Nxd2) 1/2-1/2

[Event "8th Fischer Heraklion-GM 2022"]
[Site "Heraklion"]
[Date "2022.05.03"]
[Round "8.5"]
[White "Materia, Marco"]
[Black "Kapnisis, Spyridon"]
[Result "1-0"]
[ECO "E61"]
[WhiteElo "2398"]
[BlackElo "2450"]
[Annotator "TA"]
[PlyCount "71"]
[EventDate "2022.04.18"]
[EventType "tourn"]
[EventCountry "GRE"]
[SourceTitle "playchess.com"]
[Source "ChessBase"]
[SourceQuality "1"]
[TimeControl "40/5400+30:1800+30"]

1. d4 Nf6 2. c4 g6 3. Nc3 Bg7 4. Nf3 d6 5. Bg5 h6 6. Bh4 g5 7. Bg3 Nh5 8. e3 c5 {[%emt 0:00:34] E61: King's Indian: Early deviations for White, including Smyslov System.} 9. Be2 Nxg3 10. hxg3 g4 {[%emt 0:00:06] The position is equal.} 11. Nh4 h5 12. Rc1 cxd4 13. exd4 Nc6 14. d5 {[%emt 0:00:29] [#]} Ne5 $146 ({Predecessor:} 14... Nd4 15. O-O Qb6 16. b3 Nf5 17. c5 dxc5 18. Na4 Qf6 19. Bb5+ Kf8 20. Nxc5 Qd4 {½-½ (32) Giffard,N (2361)-Popovic,D (2561) Cappelle la Grande 2012}) 15. O-O Bd7 16. Ne4 Rc8 (16... f5 $5 17. Nc3 Qb6 $11) 17. Re1 Bh6 18. Rc2 Qa5 (18... O-O $11 {keeps the balance.}) 19. Qb1 $1 $16 Qb6 {[%emt 0:22:29] Prevents c5.} 20. Bf1 Qd4 21. b3 (21. Rc3 $16) 21... f5 22. Nc3 O-O 23. Ne2 $1 Qc5 {[%emt 0:01:21] [#]} (23... Qb6 $16) 24. Nf4 (24. b4 $1 $18 Qc7 25. c5) 24... Rf7 25. Rce2 b5 {[%emt 0:03:45] Black cannot hold the game after this.} (25... Qc7 $16) 26. b4 $18 Qd4 27. c5 {[%emt 0:03:37] Strongly threatening Rd1.} Bxf4 28. Rd1 ({Less strong is} 28. gxf4 Qxf4 29. c6 Bxc6 $18) 28... Nf3+ (28... Qc4 $2 {[#]} 29. Rxe5 $1 Qc3 30. Re2 $18) 29. gxf3 Qc3 30. c6 Bxc6 31. dxc6 gxf3 {[%emt 0:00:08] [#]} 32. Rd3 $1 Qxc6 (32... Qc1 33. Qxc1) 33. Rxf3 Bg5 34. Rxf5 Bxh4 35. Rxf7 {[%emt 0:00:26][%mdl 64] Remove Defender, Deflection} Kxf7 36. Qh7+ {[%emt 0:00:25] Weighted Error Value: White=0.19 (very precise) /Black=0.60} 1-0

[Event "8th Fischer Heraklion-GM 2022"]
[Site "Heraklion"]
[Date "2022.05.04"]
[Round "9.1"]
[White "Kapnisis, Spyridon"]
[Black "Korneev, Oleg"]
[Result "1/2-1/2"]
[ECO "E05"]
[WhiteElo "2450"]
[BlackElo "2521"]
[Annotator "TA"]
[PlyCount "27"]
[EventDate "2022.04.18"]
[EventType "tourn"]
[EventCountry "GRE"]
[SourceTitle "playchess.com"]
[Source "ChessBase"]
[SourceQuality "1"]
[TimeControl "40/5400+30:1800+30"]

1. d4 d5 2. c4 e6 3. Nf3 Nf6 4. g3 Be7 5. Bg2 O-O 6. O-O dxc4 7. Qc2 a6 8. Qxc4 b5 9. Qc2 Bb7 10. Bd2 {[%emt 0:00:05] [#]} Be4 $146 ({Predecessor:} 10... Ra7 11. Rd1 Nbd7 12. Ba5 Qa8 13. b4 Nb8 14. Nbd2 Nc6 15. Nb3 Nxb4 16. Bxb4 Bxb4 17. Nc5 Bd5 18. a4 h6 19. Rdb1 Bxc5 20. Qxc5 Ne4 {0-1 (66) Dubov,D (2711)-Grischuk,A (2742) Chess.com INT 2022}) 11. Qc1 Bb7 12. Qc2 Be4 13. Qc1 Bb7 14. Qc2 1/2-1/2